 Dungeon Crawl Stone Soup version 0.18-a0-846-g91b95b1 (webtiles) character file.

303 root the Shooter (level 6, -1/50 HPs)
             Began as a Centaur Hunter on Dec 20, 2015.
             Slain by a giant cockroach (2 damage)
             ... on level 3 of the Dungeon.
             The game lasted 00:24:31 (3232 turns).

root the Shooter (Centaur Hunter)                   Turns: 3232, Time: 00:24:31

Health: -1/50      AC:  7    Str: 13 (15) XL:     6   Next: 15%
Magic:  6/6        EV: 10    Int: 10      God:
Gold:   115        SH:  0    Dex: 11      Spells: 0 memorised, 5 levels left

rFire  . . .     SeeInvis .     a - +1 shortbow
rCold  . . .     Gourm    .     g - +3 leather armour
rNeg   . . .     Faith    .     (shield currently unavailable)
rPois  .         Spirit   .     (no helmet)
rElec  .         Dismiss  .     (no cloak)
rCorr  .         Reflect  .     (no gloves)
SustAt .         Harm     .     (no barding)
MR     .....                    (no amulet)
Stlth  +.........               (no ring)
                                (no ring)

@: very quick, not resistant to hostile enchantments, very unstealthy
A: hooves 3, deformed body, speed 2, tough skin 3
a: no special abilities


You were on level 3 of the Dungeon.
You were not hungry.

You visited 1 branch of the dungeon, and saw 3 of its levels.
You also visited: Sewer.

You collected 115 gold pieces.

Inventory:

Hand Weapons
 a - a +1 shortbow (weapon)
 b - a +0 short sword
Missiles
 d - 20 arrows (quivered)
 t - 2 throwing nets
Armour
 g - a +3 leather armour (worn)
Wands
 k - a wand of enslavement (12/24)
Scrolls
 i - 2 scrolls of remove curse {unknown}
 l - 2 scrolls of random uselessness {unknown}
 o - a scroll of magic mapping {unknown}
 p - a scroll of blinking {unknown}
 r - 2 scrolls of identify {unknown}
 s - a scroll of immolation {unknown}
Potions
 e - a potion of invisibility {unknown}
Comestibles
 f - 6 bread rations
 h - 3 fruits
 j - 2 meat rations
 m - a royal jelly
 n - a beef jerky


   Skills:
 + Level 2.8 Fighting
 + Level 7.7 Bows
 + Level 1.9 Armour
 + Level 2.4 Dodging
 - Level 0.5 Stealth


You had 5 spell levels left.
You didn't know any spells.

Dungeon Overview and Level Annotations

Branches:
Dungeon (3/15)

Altars:
Makhleb


Innate Abilities, Weirdness & Mutations

You have hooves in place of feet.
Armour fits poorly on your strangely shaped body.
You cover ground very quickly.
You have extremely tough skin (AC +3).


Message History

Something smites you!
* * * LOW HITPOINT WARNING * * *
Firing (i - inventory. (,) - cycle):
d - 23 arrows (quivered)
Press: ? - help, Shift-Dir - straight line, f/p - orc priest
Aim: an orc priest, wielding a club You shoot an arrow.
The arrow completely misses the orc priest.
The giant cockroach bites you but does no damage.
Firing (i - inventory. (,) - cycle):
d - 22 arrows (quivered)
Press: ? - help, Shift-Dir - straight line, f/p - orc priest
Aim: an orc priest, wielding a club You shoot an arrow.
The arrow hits the orc priest but does no damage.
The giant cockroach bites you but does no damage.
Firing (i - inventory. (,) - cycle):
d - 21 arrows (quivered)
Press: ? - help, Shift-Dir - straight line, f/p - orc priest
Aim: an orc priest, wielding a club You shoot an arrow.
The arrow barely misses the orc priest.
The giant cockroach bites you.
You die...

######### #.......#
#.......+ # #.......#
#. #.......### #..
#..........
#...########o.........#
#......sgog.o.........o
#.....@#######.##.#..o#
#......##......##.# #..
##.#...##.#..S....# #.#
# #...##.##.###### #.#
#...##...g########o#
..o.'.....((o.o)(...
##(..################
#(..# ########


You could see an orc priest, an orc wizard, 2 orcs, a giant cockroach, a
hobgoblin and a goblin.

Vanquished Creatures
  A giant frog (Sewer)
  2 orc priests (D:3)
  An iguana (D:3)
  8 adders
  A worm (D:3)
  3 giant geckos
  7 orcs (D:3)
  4 ball pythons
  8 giant cockroaches
  6 hobgoblins
  7 kobolds
  2 quokkas
  3 bats (D:1)
  7 giant newts
  7 goblins
  5 rats
72 creatures vanquished.

Notes
Turn   | Place    | Note
--------------------------------------------------------------
     0 | D:1      | root the Centaur Hunter began the quest for the Orb.
     0 | D:1      | Reached XP level 1. HP: 17/17 MP: 1/1
   315 | D:1      | Reached XP level 2. HP: 12/24 MP: 2/2
  1118 | D:2      | Reached skill level 6 in Bows
  1168 | D:2      | Reached XP level 3. HP: 22/30 MP: 3/3
  1493 | D:2      | Found a burning altar of Makhleb.
  1785 | D:3      | Reached XP level 4. HP: 29/37 MP: 4/4
  1868 | D:3      | Found a glowing drain.
  1875 | Sewer    | Entered a sewer
  1926 | Sewer    | Reached skill level 1 in Armour
  2463 | Sewer    | Noticed a giant frog
  2472 | Sewer    | HP: 1/37 [giant frog (4)]
  2487 | Sewer    | Killed a giant frog
  2487 | Sewer    | Reached skill level 7 in Bows
  2487 | Sewer    | Reached XP level 5. HP: 11/42 MP: 5/5
  3195 | D:3      | Noticed an orc warrior
  3209 | D:3      | Reached XP level 6. HP: 17/50 MP: 6/6
  3229 | D:3      | HP: 1/50 [orc priest/divine providence (13)]
  3232 | D:3      | Slain by a giant cockroach

Vault maps used:
D:1:      dpeg_arrival_lava_temple_mockup, minmay_gold_behind_fungi
D:2:      lemuel_doored_altar, roderic_lattice_a
D:3:      marbit_many_paths, minitemple, first_bread, lightli_sewer_entry_pipes,
          amethyst_killhole
Sewer:    sewer_frog_island_01

Action                   |  1- 3 |  4- 6 || total
-------------------------+-------+-------++-------
Melee: Short sword       |   106 |    92 ||   198
 Fire: Shortbow          |    46 |    71 ||   117
  Use: Potion            |       |     4 ||     4
       Scroll            |       |     1 ||     1
  Eat: Chunk             |     2 |     4 ||     6
